 Dungeon Crawl Stone Soup version 0.27-a0-906-g0a00ce863d (webtiles) character file.

Game seed: 13971924137470668629

105 lunkers the Magician (level 4, -1/33 HPs)
             Began as a Djinni Air Elementalist on Apr 7, 2021.
             Killed from afar by Natasha (11 damage)
             ... with a magic dart
             ... on level 3 of the Dungeon.
             The game lasted 00:02:15 (2996 turns).

lunkers the Magician (Djinni Air Elementalist)      Turns: 2996, Time: 00:02:15

Health: -1/33      AC:  3    Str:  7    XL:     4   Next: 81%
Gold:   140        EV: 12    Int: 17    God:
                   SH:  0    Dex: 14

rFire    + + .     SeeInvis .   (no weapon)
rCold    x . .     Faith    .   (no shield)
rNeg     . . .     Spirit   .   a - +0 robe
rPois    ∞         Reflect  .   (no helmet)
rElec    .         Harm     .   (no cloak)
rCorr    .         Rampage  .   b - +0 pair of gloves
Will     .....                  (boots unavailable)
Stlth    ++........             (no amulet)
HPRegen  0.11/turn              (no ring)
MPRegen  0.00/turn              (no ring)

@: flying, very slightly contaminated
A: fire resistance 2, cold vulnerability 1, float, innate caster, hp casting,
extra vitality 1
a: no special abilities


You were on level 3 of the Dungeon.
You visited 1 branch of the dungeon, and saw 3 of its levels.

You collected 140 gold pieces.

Inventory:

Armour
 a - a +0 robe (worn)
 b - a +0 pair of gloves (worn)
Scrolls
 c - a scroll of amnesia {unknown}
 d - 2 scrolls of identify {unknown}
 f - a scroll of vulnerability {unknown}
 g - a scroll of blinking {unknown}
Potions
 e - 2 potions of curing {unknown}


   Skills:
 + Level 2.2 Fighting
 - Level 2.1 Dodging
 - Level 1.5 Stealth
 * Level 4.0 Spellcasting


You couldn't memorise any spells.
You knew the following spells:

 Your Spells              Type           Power      Damage    Failure   Level
a - Shock                 Conj/Air       68%        1d7       3%          1
b - Swiftness             Air            17%        N/A       4%          2
c - Static Discharge      Conj/Air       17%        N/A       9%          3
d - Airstrike             Air            8%         N/A       28%         4
e - Lightning Bolt        Conj/Air       8%         1d21      63%         5
f - Sting                 Tmut/Pois      68%        1d6       3%          1
Your spell library was empty.

Dungeon Overview and Level Annotations

Branches:
Dungeon (3/15)

Altars:
Wu Jian

Shops:
D:1 (

Annotations:
D:3 Natasha


Innate Abilities, Weirdness & Mutations

You are immune to poison.
Your flesh is very heat resistant. (rF++)
You are vulnerable to cold. (rC-)
You float through the air rather than walking.
You learn spells naturally, not from books.
Your magical power is your life essence.
You have superior vitality. (+4 HP)


Message History

Casting: Shock (safe; 3% risk of failure)
Confirm with . or Enter, or press ? or * to list all spells.
The zap hits the white imp.
The white imp is severely wounded.
The zap hits the white imp.
The white imp is almost dead.
The white imp hits you. The white imp freezes you.
You feel a terrible chill!
* * * LOW HITPOINT WARNING * * *
Casting: Shock (safe; 3% risk of failure)
Confirm with . or Enter, or press ? or * to list all spells.
Aiming: Shock (safe; 3% risk of failure)
Press: ? - help, Shift-Dir - straight line, f/p - white imp
Aim: a white imp (almost dead, summoned, 29% to evade)
Okay, then.
Natasha claws you.
* * * LOW HITPOINT WARNING * * *
Casting: Shock (safe; 3% risk of failure)
Confirm with . or Enter, or press ? or * to list all spells.
Aiming: Shock (safe; 3% risk of failure)
Press: ? - help, Shift-Dir - straight line, f/p - white imp
Aim: a white imp (severely wounded, summoned, 29% to evade)
The zap hits Natasha.
Natasha is severely wounded.
The zap hits the white imp.
You kill the white imp!
* * * LOW HITPOINT WARNING * * *
Natasha stares at you and mumbles some strange words.
The magic dart hits you.
* * * LOW HITPOINT WARNING * * *
Natasha barely misses you.
Casting: Shock (safe; 3% risk of failure)
Confirm with . or Enter, or press ? or * to list all spells.
Aiming: Shock (safe; 3% risk of failure)
Press: ? - help, Shift-Dir - straight line The zap misses Natasha.
The zap hits Natasha.
Natasha is almost dead.
* * * LOW HITPOINT WARNING * * *
Natasha casts a spell at you. The magic dart hits you!
You die...

#.# ##'## ##...##
##.....##
#.......##
#.........#
+.........#########
#..................
##........#@..#...#
##.....#.h........
##...####...#...#
##'# #......... #.
########## #


You could see Natasha.

Vanquished Creatures
  Natasha (D:3)
  2 adders (D:2)
  3 worms (D:2)
  A dart slug (D:1)
  An orc (D:3)
  5 endoplasms
  A giant cockroach (D:2)
  8 hobgoblins
  5 quokkas
  4 ball pythons
  3 bats
  5 frilled lizards
  2 goblins
  4 kobolds
  2 rats
47 creatures vanquished.

Notes
Turn   | Place    | Note
-------+----------+-------------------------------------------
     0 | D:1      | lunkers the Djinni Air Elementalist began the quest for the
                  | Orb.
     0 | D:1      | Reached XP level 1. HP: 15/15 MP: 0/0
   228 | D:1      | Found a faded altar of an unknown god.
   516 | D:1      | Reached skill level 3 in Spellcasting
   516 | D:1      | Reached XP level 2. HP: 21/22 MP: 0/0
   958 | D:1      | Reached skill level 1 in Fighting
  1015 | D:1      | Found Apagi's Antique Weapon Shoppe.
  1479 | D:2      | Reached XP level 3. HP: 21/27 MP: 0/0
  1479 | D:2      | Learned a level 1 spell: Sting
  1618 | D:2      | Found an ornate altar of the Wu Jian Council.
  2311 | D:2      | Reached XP level 4. HP: 29/33 MP: 0/0
  2688 | D:3      | Noticed Natasha
  2692 | D:3      | Killed Natasha
  2693 | D:3      | Reached skill level 4 in Spellcasting
  2984 | D:3      | Noticed Natasha
  2996 | D:3      | Killed from afar by Natasha

Illustrated notes

Levels and vault maps discovered:
D:1:      dpeg_arrival_pits, layout_basic, serial_shops, shop,
          basic_ecumenical_altar
D:2:      minmay_alternating_diamond, layout_basic, basic_altar
D:3:      layout_loops_corners, old_standard_altar,
          lemuel_coloured_pillars_altar, minmay_diced_spiral, uniq_natasha

Skill      XL: |  1  2  3  4 |
---------------+-------------+-----
Spellcasting   | 3 4 |  4.0
Fighting       | 1 2 |  2.2
Dodging        | |  2.1
Stealth        | |  1.5

Action                   |  1- 3 |  4- 6 || total
-------------------------+-------+-------++-------
 Cast: Shock             |    94 |    29 ||   123
Armor: Robe              |     4 |     2 ||     6
Dodge: Dodged            |    10 |     1 ||    11

Table legend: (Time is in decaauts)
 A = Elapsed time spent in this place.
 B = Non-inter-level travel time spent in this place.
 C = Inter-level travel time spent in this place.
 D = Time resting spent in this place.
 E = Time spent auto-exploring this place.
 F = Levels seen in this place.
 G = Mean time per level.
                   A        B        C        D        E       F      G
               +--------+--------+--------+--------+--------+-----+--------+
         Total |   3004 |   2961 |     43 |      0 |   2745 |   3 | 1001.3 |
       Dungeon |   3004 |   2961 |     43 |      0 |   2745 |   3 | 1001.3 |
               +--------+--------+--------+--------+--------+-----+--------+

Top non-repeatable levels by time:
     D:2: 1458 daAuts
     D:1: 1162 daAuts
     D:3: 383 daAuts
